 Dungeon Crawl Stone Soup version 0.31.0-11-ge490571c62 (webtiles) character file.

Game seed: 6275971727216042393

79 qw the Shooter (level 4, -3/25 HPs)
             Began as a Deep Elf Hunter on Feb 4, 2024.
             Killed by divine providence
             ... invoked by an orc priest
              (15 damage)
             ... on level 3 of the Dungeon.
             The game lasted 00:00:06 (1797 turns).

qw the Shooter (Deep Elf Hunter)                    Turns: 1797, Time: 00:00:06

Health: -3/25      AC:  3    Str: 10      XL:     4   Next: 16%
Magic:  6/6        EV: 12    Int: 12 (14) God:
Gold:   42         SH:  0    Dex: 15 (18) Spells: 3/3 levels left

rFire   + . .        a - +0 shortbow
rCold   . . .        (shield currently unavailable)
rNeg    . . .        c - +0 leather armour
rPois   .            (no helmet)
rElec   .            (no cloak)
rCorr   .            (no gloves)
SInv    .            (no boots)
Will    .....        (no amulet)
Stlth   ++           b - ring of protection from fire
HPRegen 0.24/turn    (no ring)
MPRegen 0.10/turn

%: no passive effects
@: no status effects
A: no striking features
a: no special abilities


You were on level 3 of the Dungeon.
You visited 1 branch of the dungeon, and saw 3 of its levels.

You collected 66 gold pieces.
You spent 24 gold pieces at shops.


   Skills:
 - Level 1.5 Fighting
 + Level 7.6 Ranged Weapons
 - Level 2.4 Dodging
 - Level 1.2 Stealth


You had 3 spell levels left.
You didn't know any spells.
Your spell library was empty.

Inventory:

Hand Weapons
 a - a +0 shortbow (weapon)
Armour
 c - a +0 leather armour (worn)
Jewellery
 b - a ring of protection from fire (left hand)
Scrolls
 e - a scroll of enchant armour
Potions
 h - 3 potions of curing

Dungeon Overview and Level Annotations

Branches:
Dungeon (3/15)

Altars:

Shops:
D:1 ?


Message History

You shoot an arrow. The arrow hits the bat.
The bat is heavily wounded.
The bat closely misses you.
You shoot an arrow. The arrow hits the bat.
The bat is severely wounded.
The bat hits you but does no damage. x2
The endoplasm hits you but does no damage.
An orc priest comes into view. It is wielding a +0 short sword.
An orc priest comes into view. It is wielding a +0 mace.
The orc hits you with a +0 short sword. The endoplasm closely misses you.
You shoot an arrow. The arrow barely misses the orc.
The arrow closely misses the orc.
The orc priest shouts!
The bat barely misses you. The bat hits you but does no damage.
The orc closely misses you.
The endoplasm hits you but does no damage.
The orc priest looks encouraged for a moment.
The orc priest miscasts a cantrip.
1792 ||| RETREEEEATING.
The bat barely misses you. The orc attacks as it pursues you!
The orc hits you but does no damage.
You shoot an arrow. The arrow hits the bat!
You kill the bat!
The orc hits you with a +0 short sword. The orc hits you with a +0 dagger.
The endoplasm freezes you.
You are frozen.
1794 ||| RETREEEEATING.
The orc priest looks braver for a moment.
The orc attacks as it pursues you! The orc hits you but does no damage.
The endoplasm barely misses you.
1795 ||| RETREEEEATING.
The orc attacks as it pursues you! The orc misses you.
The endoplasm attacks as it pursues you!
The endoplasm hits you.
1796 ||| RETREEEEATING.
1797 ||| RETREEEEATING.
The orc priest mumbles some strange prayers to Beogh against you.
Beogh smites you!
Ouch! That really hurt!
You die...

.# #..... ### ..... ..
#.... ..# .... #. #...
#.# ..# #.. #.. #.#
##.### #...#'#### #.#
#..... #...o..# #.#
#..... #.oo.%J####.#
#..... #....oo.#...######
#.....
#...)...@..###...###....<
.............#
#...........
###..........#
#...######## #..........#
#...# #####+##...# #...##
###.###....# #.%....#.#
#..#<###.# #..#.# #.#


You could see 2 orc priests, 3 orcs and an endoplasm.

Vanquished Creatures
  3 adders
  A dart slug (D:2)
  A ribbon worm (D:2)
  3 endoplasms
  4 giant cockroaches
  3 goblins
  4 hobgoblins
  2 jackals (D:3)
  A quokka (D:2)
  6 ball pythons (D:1)
  4 bats
  4 frilled lizards
  4 kobolds
  4 rats
44 creatures vanquished.

Notes
Turn   | Place    | Note
-------+----------+-------------------------------------------
     0 | D:1      | qw the Deep Elf Hunter began the quest for the Orb.
     0 | D:1      | Reached XP level 1. HP: 12/12 MP: 3/3
     0 | D:1      | 0 ||| qw: Version: 0.3-a-160-g6735b56
     0 | D:1      | 0 ||| qw: Game counter: 5161
     0 | D:1      | 0 ||| qw: Melee chars always use a shield: true
     0 | D:1      | 0 ||| qw: God list: Okawaru
     0 | D:1      | 0 ||| qw: Allow faded altars: false
     0 | D:1      | 0 ||| qw: Do Orc after clearing Dungeon:15 true
     0 | D:1      | 0 ||| qw: Do second Lair branch before Depths: true
     0 | D:1      | 0 ||| qw: Lair rune preference: random
     0 | D:1      | 0 ||| qw: Goals: Normal
     0 | D:1      | 0 ||| PLANNING D:1-11
   163 | D:1      | Reached skill level 6 in Ranged Weapons
   163 | D:1      | Reached XP level 2. HP: 11/16 MP: 4/4
   265 | D:1      | Found Cumollo's Magic Scroll Shop.
   274 | D:1      | 274 ||| BUYING scroll of identify (24 gold).
   274 | D:1      | Bought a scroll of identify for 24 gold pieces
   705 | D:1      | 705 ||| READING scroll of identify.
   705 | D:1      | 705 ||| IDENTIFYING bubbling pink potion
   706 | D:1      | 706 ||| READING scroll labelled RUPPASHRIHA.
   707 | D:1      | 707 ||| READING scroll labelled TEAMUAJ EDICVUAR.
   711 | D:1      | 711 ||| READING scroll labelled KAZIOL BIHIUD.
   712 | D:1      | 712 ||| READING 2 scrolls labelled QUAWKO ETSAO.
   813 | D:1      | 813 ||| DRINKING 2 bubbling sapphire potions.
   814 | D:1      | 814 ||| DRINKING 2 glowing clear potions.
   815 | D:1      | 815 ||| DROPPING scroll of butterflies.
   816 | D:1      | 816 ||| DROPPING potion of invisibility.
   817 | D:1      | 817 ||| DROPPING potion of degeneration.
   818 | D:1      | 818 ||| DROPPING scroll of silence.
   945 | D:2      | Reached XP level 3. HP: 10/20 MP: 5/5
  1023 | D:2      | Reached skill level 7 in Ranged Weapons
  1103 | D:2      | 1103 ||| DROPPING +1 sling of flaming.
  1647 | D:2      | 1647 ||| UPGRADING to ring of protection from fire.
  1648 | D:2      | 1648 ||| READING 2 scrolls of identify.
  1648 | D:2      | 1648 ||| IDENTIFYING metallic red potion
  1649 | D:2      | 1649 ||| READING scroll of identify.
  1649 | D:2      | 1649 ||| IDENTIFYING scroll labelled QEYHENGOZEF
  1650 | D:2      | 1650 ||| DROPPING potion of ambrosia.
  1684 | D:3      | Reached XP level 4. HP: 19/25 MP: 6/6
  1684 | D:3      | 1684 ||| FLEEEEING.
  1685 | D:3      | 1685 ||| FLEEEEING.
  1686 | D:3      | 1686 ||| FLEEEEING.
  1687 | D:3      | 1687 ||| FLEEEEING.
  1688 | D:3      | 1688 ||| STAIRDANCE
  1792 | D:3      | 1792 ||| RETREEEEATING.
  1794 | D:3      | 1794 ||| RETREEEEATING.
  1795 | D:3      | 1795 ||| RETREEEEATING.
  1796 | D:3      | 1796 ||| RETREEEEATING.
  1797 | D:3      | 1797 ||| RETREEEEATING.
  1797 | D:3      | Killed from afar by an orc priest

Levels and vault maps discovered:
D:1:      roderic_crossed_star, layout_loops_ring, serial_shops, shop,
          nicolae_figureground_sparkle
D:2:      layout_loops_ring, st_stairs_1, minmay_quadrilaterals
D:3:      layout_basic, okawaru_ov_weapons_minmay, uniq_grinder, uniq_ijyb

Skill      XL: |  1  2  3 |
---------------+----------+-----
Ranged Weapons | 6 7 |  7.6
Fighting       | |  1.5
Dodging        | |  2.4
Stealth        | |  1.2

Action                     |  1- 3 |  4- 6 || total
---------------------------+-------+-------++-------
   Fire: Shortbow          |   142 |    18 ||   160
    Use: Scroll            |     7 |       ||     7
         Potion            |     2 |       ||     2
 Armour: Leather armour    |    40 |    15 ||    55
  Dodge: Dodged            |    40 |    13 ||    53

Table legend:
 A = Non-vault XP
 B = Vault XP
 C = Vault XP percentage of total XP
 D = Non-vault monster count
 E = Vault monster count
 F = Vault count percentage of total count
                 A         B        C        D         E       F
            +---------+---------+-------+---------+---------+-------
      Total |     101 |      12 |  10.6 |      38 |       6 |  13.6
            +---------+---------+-------+---------+---------+-------
        D:1 |      38 |       0 |   0.0 |      24 |       0 |   0.0
        D:2 |      43 |      12 |  21.8 |       9 |       6 |  40.0
        D:3 |      20 |       0 |   0.0 |       5 |       0 |   0.0
            +---------+---------+-------+---------+---------+-------
